 Dungeon Crawl Stone Soup version 0.27.1-33-g824d729ab1 (webtiles) character file.

Game seed: 4613836312135118872

261 zeram the Chopper (level 6, -3/51 HPs)
             Began as a Hill Orc Fighter on Dec 21, 2021.
             Was a Follower of Qazlal.
             Slain by an iguana (11 damage)
             ... on level 3 of the Dungeon.
             The game lasted 00:03:53 (2658 turns).

zeram the Chopper (Hill Orc Fighter)                Turns: 2658, Time: 00:03:54

Health: -3/51      AC:  7    Str: 21    XL:     6   Next: 18%
Magic:  6/6        EV:  6    Int:  8    God:    Qazlal [*.....]
Gold:   54         SH: 16    Dex: 10    Spells: 5/5 levels left

rFire    . . .     SeeInvis .   a - +0 war axe
rCold    . . .     Faith    .   l - +0 tower shield
rNeg     + . .     Spirit   .   b - +0 scale mail
rPois    .         Reflect  .   (no helmet)
rElec    .         Harm     .   (no cloak)
rCorr    .         Rampage  .   (no gloves)
Will     .....                  (no boots)
Stlth    ..........             (no amulet)
HPRegen  0.17/turn              e - ring of positive energy
MPRegen  0.10/turn              (no ring)

@: mighty, lit by a corona, glowing
A: no striking features
a: Renounce Religion


You were on level 3 of the Dungeon.
You worshipped Qazlal.
Qazlal was aware of your devotion.
You visited 1 branch of the dungeon, and saw 4 of its levels.

You collected 54 gold pieces.

Inventory:

Hand Weapons
 a - a +0 war axe (weapon)
Armour
 b - a +0 scale mail (worn)
 l - a +0 tower shield (worn)
Jewellery
 e - a ring of positive energy (left hand)
Scrolls
 h - a scroll of magic mapping {unknown}
 i - a scroll of amnesia {unknown}
Potions
 c - 2 potions of berserk rage {unknown}
 d - 2 potions of might
 g - a potion of cancellation {unknown}
 j - a potion of curing {unknown}


   Skills:
 - Level 3.6 Fighting
 + Level 5.8 Axes
 + Level 4.4 Armour
 + Level 1.2 Dodging
 + Level 4.6 Shields


You had 5 spell levels left.
You didn't know any spells.
Your spell library was empty.

Dungeon Overview and Level Annotations

Branches:
Dungeon (4/15)
 Temple: D:4-7

Altars:
Kikubaaqudgha
Qazlal

Shops:
D:3 (


Message History

You feel very mighty all of a sudden. You block the gnoll's attack.
The gnoll shaman hits you with a +0 club.
The gnoll hits you but does no damage. The gnoll hits you with a +3 spear.
The ogre is engulfed in freezing vapours.
The ogre hits you with a +0 giant club!!
Ouch! That really hurt!
* * * LOW HITPOINT WARNING * * *
You block the gnoll's attack.
The ogre is engulfed in freezing vapours.
You slice the gnoll shaman!!
You kill the gnoll shaman!
Qazlal accepts your kill.
You feel much better. You block the iguana's attack.
A dart slug comes into view.
You closely miss the iguana. The iguana bites you!
You block the iguana's attack.
You barely miss the iguana. You block the iguana's attack.
The gnoll hits you from afar with a +3 spear.
The iguana bites you.
You barely miss the iguana.
The gnoll hits you from afar with a +3 spear.
* * * LOW HITPOINT WARNING * * *
The iguana bites you.
* * * LOW HITPOINT WARNING * * *
You block the gnoll's attack.
Your shield prevents you from hitting the iguana.
You block the iguana's attack.
The gnoll hits you from afar with a +3 spear.
* * * LOW HITPOINT WARNING * * *
You block the iguana's attack.
There is a stone staircase leading up here.
You block the iguana's attack.
You climb upwards.
There is a stone staircase leading down here.
You are too injured to fight recklessly!
You slash the iguana!
The iguana is almost dead.
You block the iguana's attack. The iguana bites you!
You die...

#................#
#........#.[....<#####
#........#............ ###
#........#......###### #.##
#........####'######## #..#
####.#####.......#....
#..####### #.# #.⌠...⌠.#####
##.......###.#####...(...#####
##.........§@##.#.⌠...⌠.#....
###.....#..l...#.......#..[#
##............>#.⌠...⌠.#...#
#..............#...<...#....
#..∩...........#########...#
#...............#...........
#...............#....(.....#
#..................#......#.
##..............##.#........


You could see an iguana.

Vanquished Creatures
  A black bear (D:3)
  A gnoll shaman (D:4)
  6 adders
  A worm (D:3)
  3 dart slugs
  5 orcs (D:3)
  6 ball pythons
  8 endoplasms
  5 giant cockroaches
  3 goblins
  6 hobgoblins
  2 jackals (D:1)
  7 kobolds
  3 quokkas
  5 bats
  5 frilled lizards
  5 rats (D:1)
72 creatures vanquished.

Notes
Turn   | Place    | Note
-------+----------+-------------------------------------------
     0 | D:1      | zeram the Hill Orc Fighter began the quest for the Orb.
     0 | D:1      | Reached XP level 1. HP: 19/19 MP: 1/1
    75 | D:1      | Reached XP level 2. HP: 26/26 MP: 2/2
    78 | D:1      | Found a faded altar of an unknown god.
   145 | D:1      | Reached skill level 3 in Axes
   311 | D:1      | Reached XP level 3. HP: 30/31 MP: 3/3
   925 | D:2      | Reached skill level 4 in Axes
   925 | D:2      | Reached XP level 4. HP: 28/39 MP: 4/4
  1017 | D:2      | Found a stormy altar of Qazlal.
  1353 | D:2      | Became a worshipper of Qazlal Stormbringer
  2146 | D:3      | Reached XP level 5. HP: 45/45 MP: 5/5
  2148 | D:3      | Reached * piety under Qazlal
  2263 | D:3      | Found Qaipex's Antique Weapon Boutique.
  2367 | D:3      | Noticed a black bear
  2377 | D:3      | Killed a black bear
  2378 | D:3      | Reached skill level 5 in Axes
  2378 | D:3      | Reached skill level 1 in Dodging
  2378 | D:3      | Reached XP level 6. HP: 33/51 MP: 6/6
  2521 | D:3      | Found an ancient bone altar of Kikubaaqudgha.
  2658 | D:3      | Slain by an iguana

Illustrated notes

Levels and vault maps discovered:
D:1:      dpeg_arrival_long_road, layout_rooms, ebering_ecumenical_altar_box,
          minmay_tetromino_s2
D:2:      layout_basic, basic_altar
D:3:      layout_rooms, lemuel_doored_altar, serial_shops, shop,
          grunt_ministairs_3, minmay_misc_feat_cross
D:4:      layout_loops_cross, mainiacjoe_overflow_small_starburst,
          grunt_decor_arrowhead

Skill      XL: |  1  2  3  4  5 |
---------------+----------------+-----
Axes           | 3 4 5 |  5.8
Armour         | 4 |  4.4
Shields        | 4 |  4.6
Dodging        | 1 |  1.2
Fighting       | |  3.6

Action                   |  1- 3 |  4- 6 || total
-------------------------+-------+-------++-------
Melee: War axe           |    96 |   113 ||   209
  Use: Scroll            |       |     3 ||     3
       Potion            |       |     2 ||     2
Armor: Scale mail        |    45 |    67 ||   112
Dodge: Dodged            |    38 |    37 ||    75
Block: Kite shield       |    62 |    27 ||    89
       Tower shield      |       |    74 ||    74
